 Dungeon Crawl Stone Soup version 0.17-a0-77-gee7a2f2 (webtiles) character file.

32424 BluebellGnoll the Unseen (level 13, -2/115 HPs)
             Began as a Naga Enchanter on Mar 13, 2015.
             Was the Champion of Cheibriados.
             Slain by a seven-headed hydra (14 damage)
             ... on level 6 of the Lair of Beasts on Mar 14, 2015.
             The game lasted 01:53:05 (17835 turns).

BluebellGnoll the Unseen (Naga Enchanter)          Turns: 17835, Time: 01:53:05

Health: -2/115     AC: 10    Str: 27    XL:     13   Next: 64%
Magic:  27/36      EV: 17    Int: 39    God:    Cheibriados [******]
Gold:   661        SH:  0    Dex: 26    Spells: 7 memorised, 7 levels left

rFire  . . .     SeeInvis +     V - +2 dagger (venom)
rCold  . . .     Clarity  .     H - +2 robe {Archmagi}
rNeg   . . .     SustAb   .     (no shield)
rPois  +         Gourm    +     y - +0 helmet
rElec  .         Spirit   .     w - +0 cloak
rCorr  .         Warding  .     u - +0 pair of gloves
rMut   .         Stasis   .     (no barding)
MR     +....                    S - amulet of the gourmand
Stlth  +++++++++.               a - +4 ring of intelligence
                                n - ring of magical power

@: very slow, somewhat resistant to hostile enchantments, incredibly stealthy
A: spit poison, constrict 1, see invisible, deformed body, poison resistance,
slowness 2, AC +4
a: Spit Poison, Bend Time, Temporal Distortion, Slouch, Step From Time, Renounce
Religion


You were on level 6 of the Lair of Beasts.
You worshipped Cheibriados.
Cheibriados was exalted by your worship.
You were very full.

You visited 3 branches of the dungeon, and saw 17 of its levels.

You collected 956 gold pieces.
You spent 295 gold pieces at shops.

Inventory:

Hand weapons
 C - a +2 dagger of pain
 U - a +0 blowgun
 V - a +2 dagger of venom (weapon)
Missiles
 h - 81 poisoned needles
 t - 43 stones (quivered)
 T - 13 curare-tipped needles
Armour
 i - a +4 ring mail
 u - a +0 pair of gloves (worn)
 w - a +0 cloak (worn)
 y - a +0 helmet (worn)
 A - a +0 ice dragon armour
 D - a +3 leather armour of fire resistance
 H - a +2 robe of the Archmagi (worn)
Jewellery
 a - a +4 ring of intelligence (right hand)
 c - an uncursed ring of positive energy
 k - an uncursed ring of ice
 n - a ring of magical power (left hand)
 E - an uncursed ring of protection from magic
 N - an uncursed ring of fire
 Q - an uncursed ring of flight
 S - an amulet of the gourmand (around neck)
Magical devices
 p - a wand of draining (4)
 q - a wand of cold (6)
 r - a wand of heal wounds (3)
 L - a wand of heal wounds (5)
 O - a wand of polymorph (2)
 R - a wand of teleportation (7)
 W - a wand of draining (6)
 Y - a wand of paralysis (11)
Scrolls
 b - 4 scrolls of teleportation
 e - 5 scrolls of recharging
 j - 6 scrolls of remove curse
 s - 3 scrolls of fog
 v - 2 scrolls of immolation
 F - 3 scrolls of magic mapping
 K - 2 scrolls of identify
Potions
 f - a potion of resistance
 g - a potion of lignification
 l - a potion of invisibility
 m - 3 potions of brilliance
 o - 3 potions of magic
 x - 2 potions of mutation
 z - 6 potions of curing
 B - 2 potions of cancellation
 I - 5 potions of heal wounds
 J - 2 potions of might
 M - a potion of ambrosia
 P - a potion of agility
Comestibles
 d - 11 bread rations
 G - 5 meat rations


   Skills:
 * Level 7.2 Fighting
 * Level 8.1 Short Blades
 - Level 7.1 Dodging
 - Level 20.8 Stealth
 - Level 6.6 Spellcasting
 - Level 3.9 Conjurations
 - Level 5.4 Hexes
 - Level 7.3 Invocations


You had 7 spell levels left.
You knew the following spells:

 Your Spells              Type           Power        Failure   Level  Hunger
b - Ensorcelled Hibernat  Hex/Ice        ######       1%          2    None
c - Confuse               Hex            ######..     1%          3    None
d - Sure Blade            Hex/Chrm       ######....   1%          2    None
e - Dazzling Spray        Conj/Hex       ######..     1%          3    None
f - Enslavement           Hex            ######..     2%          4    None
g - Stone Arrow           Conj/Erth      #####.       3%          3    None
z - Apportation           Tloc           ###.......   2%          1    None


Dungeon Overview and Level Annotations

Branches:
Dungeon (10/15)            Temple (1/1) D:4            Lair (6/8) D:10
 Shoals (0/5) Lair:5        Snake (0/5) Lair:5
  Slime: Lair:6-8       Orc: D:9-12

Altars:
Ashenzari
Cheibriados
Elyvilon
Fedhas
Gozag
Kikubaaqudgha
Makhleb
Nemelex Xobeh
Okawaru
Ru
Sif Muna
Yredelemnul

Shops:
D:4 !*![(   D:7 ?


Innate Abilities, Weirdness & Mutations

You cannot wear boots.
You can spit poison.
You can use your snake-like lower body to constrict enemies.
Your serpentine skin is tough (AC +4).
You have supernaturally acute eyesight.
Armour fits poorly on your strangely shaped body.
Your system is resistant to poisons.
You cover ground very slowly.


Message History

* * * LOW HITPOINT WARNING * * *
The seven-headed hydra barely misses you.
The seven-headed hydra bites you.
* * * LOW HITPOINT WARNING * * *
Evoke which item? (* to show all) (? for menu, Esc to quit)
That item cannot be evoked!
Throwing (i - inventory):
t - 44 stones (quivered)
Press: ? - help, Shift-Dir - straight line, f/p - seven-headed hydra
Aim: a seven-headed hydra (almost dead, lightly drained)
You throw a stone. The stone hits the seven-headed hydra.
The seven-headed hydra is almost dead.
The seven-headed hydra completely misses you.
The seven-headed hydra bites you!
* * * LOW HITPOINT WARNING * * *
The seven-headed hydra bites you.
* * * LOW HITPOINT WARNING * * *
The seven-headed hydra bites you.
* * * LOW HITPOINT WARNING * * *
The seven-headed hydra bites you!
You die...

........".........P.P#
##
.................PP...#
.................#P..P#
.......................#
.................###....
....P...........#..# #..
P...........%.....## .
................###
..........†@....##
...........D..#.#
...........†.####
.........†.##
............#
.............#
..............#
................
...............


You could see a seven-headed hydra.

Vanquished Creatures
  Snorg (Lair:5)
  Fannar (Lair:1)
  4 hydras
  The ghost of oplop the Nimble, an experienced KoBe of Trog (D:6)
  4 black mambas
  A fire drake (Lair:2)
  9 komodo dragons
  11 spiny frogs
  A merfolk (Lair:5)
  A troll (D:8)
  Grinder (D:4)
  The ghost of Protee the Shooter, an average CeAM (D:4)
  3 basilisks
  3 wyverns
  A steam dragon (Lair:5)
  27 yaks
  2 deep elf magi (D:10)
  8 hippogriffs
  2 hogs (D:7)
  A human (D:7)
  26 wolves
  2 hungry ghosts
  3 nagas (Lair:5)
  8 porcupines
  2 ice beasts
  10 water moccasins
  A black bear (D:7)
  3 phantoms
  3 orc warriors
  2 sky beasts
  7 ogres
  3 centaurs
  7 crocodiles
  Sigmund (D:3)
  Duvessa (D:6)
  2 big kobolds (D:10)
  15 giant frogs
  2 scorpions
  4 jellies
  2 vampire bats (D:6)
  41 killer bees
  7 wights (D:8)
  3 crimson imps
  3 electric eels
  2 quasits
  Dowan (D:6)
  2 goliath beetles
  4 orc priests
  6 hounds
  A centaur skeleton (D:5)
  A giant frog skeleton (D:6)
  Natasha (thrice) (D:3)
  9 iguanas
  12 orc wizards
  11 worker ants
  3 sheep
  Ijyb (D:4)
  Jessica (D:3)
  A hound zombie (D:10)
  A hound skeleton (D:9)
  A worker ant zombie (D:10)
  29 river rats
  19 adders
  3 giant mites
  4 shadow imps
  2 worms
  2 adder skeletons
  An adder zombie (D:8)
  4 giant geckos
  47 orcs
  2 ball pythons
  13 bats
  5 bat skeletons
  2 bat zombies
  9 giant cockroaches
  18 hobgoblins
  15 jackals
  19 quokkas
  A ball python zombie (D:6)
  A giant gecko skeleton (D:5)
  9 giant newts
  2 gnoll zombies (D:2)
  10 goblins
  29 kobolds
  3 quokka zombies
  18 rats
  A ballistomycete (D:8)
569 creatures vanquished.

Vanquished Creatures (collateral kills)
  A queen bee (Lair:2)
1 creature vanquished.

Vanquished Creatures (others)
  2 killer bees (Lair:2)
  A giant spore (D:8)
  4 fungi (Lair:3)
  A plant (D:10)
8 creatures vanquished.

Grand Total: 578 creatures vanquished

Notes
Turn   | Place    | Note
--------------------------------------------------------------
     0 | D:1      | BluebellGnoll, the Naga Enchanter, began the quest for the Orb.
     0 | D:1      | Reached XP level 1. HP: 15/15 MP: 3/3
    85 | D:1      | Reached skill level 5 in Stealth
    85 | D:1      | Reached XP level 2. HP: 20/22 MP: 2/4
    89 | D:1      | Learned a level 2 spell: Ensorcelled Hibernation
   847 | D:1      | Reached skill level 6 in Stealth
  1036 | D:1      | Reached XP level 3. HP: 25/28 MP: 6/6
  1500 | D:2      | Learned a level 3 spell: Confuse
  1509 | D:2      | Reached skill level 7 in Stealth
  1509 | D:2      | Reached XP level 4. HP: 36/36 MP: 7/7
  1606 | D:2      | Found a basalt altar of Yredelemnul.
  1702 | D:3      | Noticed Natasha
  1702 | D:3      | Noticed Jessica
  1705 | D:3      | Killed Natasha
  1846 | D:3      | Noticed a giant frog
  1856 | D:3      | Reached XP level 5. HP: 37/42 MP: 9/9
  1895 | D:3      | Killed a giant frog
  1936 | D:3      | Reached XP level 6. HP: 44/49 MP: 9/10
  1944 | D:3      | Learned a level 2 spell: Sure Blade
  1997 | D:3      | Killed Jessica
  2124 | D:3      | Noticed Natasha
  2133 | D:3      | Killed Natasha
  2456 | D:3      | Found an iron altar of Okawaru.
  2580 | D:3      | Noticed Sigmund
  2583 | D:3      | Killed Sigmund
  2653 | D:3      | Noticed Natasha
  2661 | D:3      | Killed Natasha
  2988 | D:4      | Reached XP level 7. HP: 49/55 MP: 12/12
  3144 | D:4      | Found Kaha Seu's Armour Emporium.
  3207 | D:4      | Found Waheh's Weapon Emporium.
  3348 | D:4      | Noticed Protee's ghost (average CeAM)
  3544 | D:4      | Killed Protee's ghost
  3544 | D:4      | Reached skill level 9 in Stealth
  3570 | D:4      | Found a staircase to the Ecumenical Temple.
  3581 | Temple   | Entered the Ecumenical Temple
  3616 | Temple   | Became a worshipper of Cheibriados the Contemplative
  3659 | D:4      | Noticed Grinder
  3664 | D:4      | Killed Grinder
  3664 | D:4      | Reached skill level 5 in Hexes
  3664 | D:4      | Reached XP level 8. HP: 62/62 MP: 9/16
  3678 | D:4      | Learned a level 3 spell: Dazzling Spray
  3743 | D:4      | Found Acuahese's Distillery.
  3744 | D:4      | Noticed Ijyb
  3753 | D:4      | Killed Ijyb
  3769 | D:4      | Found Ynixuiru's Assorted Antiques.
  3802 | D:4      | Bought a scroll labeled BAELLAXEKLE for 26 gold pieces
  3802 | D:4      | Bought an orange potion for 23 gold pieces
  3802 | D:4      | Bought a scroll of identify for 52 gold pieces
  3802 | D:4      | Bought a scroll of identify for 52 gold pieces
  3807 | D:4      | Found Odisiqij's Distillery.
  3832 | D:4      | Bought a potion of degeneration for 11 gold pieces
  3832 | D:4      | Bought a potion of mutation for 27 gold pieces
  3962 | D:4      | Reached skill level 1 in Conjurations
  4030 | D:4      | Found a deep blue altar of Sif Muna.
  4259 | D:5      | Entered Level 5 of the Dungeon
  4392 | D:5      | Acquired Cheibriados' first power
  4680 | D:5      | Reached skill level 5 in Spellcasting
  4968 | D:5      | Learned a level 4 spell: Enslavement
  5321 | D:6      | Found an ancient bone altar of Kikubaaqudgha.
  5332 | D:6      | Reached XP level 9. HP: 65/68 MP: 22/22
  5350 | D:6      | Learned a level 3 spell: Stone Arrow
  5376 | D:6      | Noticed oplop's ghost (experienced KoBe)
  5386 | D:6      | Killed oplop's ghost
  5396 | D:6      | Acquired Cheibriados' second power
  5620 | D:6      | Noticed Dowan
  5663 | D:6      | Upgraded the game from 0.17-a0-72-gd614ac0 to 0.17-a0-77-gee7a2f2
  6014 | D:6      | Noticed Duvessa
  6029 | D:6      | Killed Duvessa
  6031 | D:6      | Killed Dowan
  6489 | D:7      | Found a sparkling altar of Nemelex Xobeh.
  6547 | D:7      | Found Klosas Momuo's Magic Scroll Emporium.
  6549 | D:7      | Bought 2 scrolls of identify for 52 gold pieces
  6549 | D:7      | Bought a scroll of identify for 26 gold pieces
  6549 | D:7      | Bought a scroll of identify for 26 gold pieces
  6601 | D:7      | Acquired Cheibriados' third power
  6843 | D:7      | Reached skill level 5 in Dodging
  6883 | D:7      | Found a white marble altar of Elyvilon.
  6942 | D:7      | Found a sacrificial altar of Ru.
  7023 | D:7      | Reached XP level 10. HP: 61/75 MP: 23/24
  7109 | D:7      | Acquired Cheibriados' fourth power
  7734 | D:8      | Reached skill level 10 in Stealth
  8283 | D:8      | Reached skill level 11 in Stealth
  8721 | D:8      | Reached skill level 1 in Invocations
  9077 | D:9      | Found a blossoming altar of Fedhas.
  9434 | D:9      | Reached skill level 5 in Invocations
  9633 | D:10     | Entered Level 10 of the Dungeon
  9639 | D:10     | Reached XP level 11. HP: 81/81 MP: 25/25
 10032 | D:10     | Found a staircase to the Lair.
 10095 | D:10     | Reached skill level 1 in Fighting
 10120 | D:10     | Found a sacrificial altar of Ru.
 10665 | D:10     | Reached skill level 12 in Stealth
 10840 | Lair:1   | Entered Level 1 of the Lair of Beasts
 10873 | Lair:1   | Reached skill level 13 in Stealth
 10909 | Lair:1   | Reached skill level 14 in Stealth
 11212 | Lair:1   | Reached skill level 15 in Stealth
 11518 | Lair:1   | Noticed Fannar
 11527 | Lair:1   | Killed Fannar
 11527 | Lair:1   | Reached skill level 16 in Stealth
 11649 | Lair:1   | Reached XP level 12. HP: 97/97 MP: 23/26
 11659 | Lair:1   | Reached skill level 17 in Stealth
 12150 | Lair:2   | Reached skill level 18 in Stealth
 12299 | Lair:2   | Learned a level 1 spell: Apportation
 12724 | Lair:2   | Reached skill level 19 in Stealth
 13783 | Lair:3   | Reached skill level 20 in Stealth
 13879 | Lair:3   | Noticed a six-headed hydra
 14187 | Lair:3   | Killed a six-headed hydra
 15000 | Lair:4   | Noticed an eight-headed hydra
 15010 | Lair:4   | Killed an eight-headed hydra
 15010 | Lair:4   | Reached skill level 5 in Short Blades
 15010 | Lair:4   | Reached XP level 13. HP: 102/105 MP: 27/27
 15028 | Lair:4   | Noticed a five-headed hydra
 15035 | Lair:4   | Killed a five-headed hydra
 15735 | Lair:4   | Reached skill level 5 in Fighting
 16684 | Lair:5   | Found a staircase to the Snake Pit.
 16972 | Lair:5   | Noticed Snorg
 17087 | Lair:5   | Killed Snorg
 17182 | Lair:5   | Found a staircase to the Shoals.
 17835 | Lair:6   | Slain by a seven-headed hydra

Action                   |  1- 3 |  4- 6 |  7- 9 | 10-12 | 13-15 || total
-------------------------+-------+-------+-------+-------+-------++-------
Melee: Dagger            |    70 |   129 |   263 |   424 |    74 ||   960
       Short sword       |       |       |     6 |       |       ||     6
Throw: Stone             |       |       |       |    11 |     1 ||    12
 Cast: Corona            |    19 |    20 |    35 |    18 |       ||    92
       Ensorcelled Hiber |     1 |    14 |    74 |   191 |    40 ||   320
       Confuse           |       |    11 |    29 |    37 |     3 ||    80
       Sure Blade        |       |       |     2 |       |       ||     2
       Dazzling Spray    |       |       |     2 |    16 |     7 ||    25
       Enslavement       |       |       |       |     2 |       ||     2
Invok: Slouch            |       |       |       |     8 |     2 ||    10
       Temporal Distorti |       |       |       |     1 |       ||     1
Evoke: Wand              |       |       |       |     1 |     1 ||     2
  Use: Scroll            |       |     1 |    22 |     7 |     9 ||    39
       Potion            |       |       |     4 |     2 |       ||     6
 Stab: Sleeping          |     6 |    21 |    56 |   160 |    51 ||   294
       Confused          |       |     1 |    13 |    20 |     2 ||    36
       Invisible         |       |       |     2 |     2 |       ||     4
       Distracted        |       |       |     1 |     2 |       ||     3
       Paralysed         |       |       |     1 |       |       ||     1
  Eat: Chunk             |     2 |     8 |    13 |    17 |    19 ||    59
       Pizza             |       |       |       |     1 |       ||     1
